 Dungeon Crawl Stone Soup version 0.30.1-11-g7821555f0a (webtiles) character file.

Game seed: 16074745073695887192

12413 Ijustatesigmund the Destroyer (level 11, -11/70 HPs)
             Began as an Octopode Conjurer on Jan 13, 2024.
             Was a Believer of Vehumet.
             Killed from afar by an electric eel (16 damage)
             ... with a bolt of electricity
             ... on level 11 of the Dungeon on Jan 15, 2024.
             The game lasted 00:37:02 (19222 turns).

Ijustatesigmund the Destroyer (Octopode Conjurer)  Turns: 19222, Time: 00:37:02

Health: -11/70     AC:  1    Str:  7    XL:     11   Next: 93%
Magic:  19/23      EV: 20    Int: 30    God:    Vehumet [**....]
Gold:   563        SH:  5    Dex: 17    Spells: 17/27 levels left

rFire   . . .        s - staff of conjuration
rCold   x . .        (no shield)
rNeg    . . .        (helmet restricted)
rPois   .            h - amulet of reflection
rElec   .            l - +6 ring of intelligence
rCorr   +            v - +6 ring of dexterity
SInv    .            u - ring of resist corrosion
Will    .....        i - +5 ring of evasion
Stlth   +++          (no ring)
HPRegen 0.31/turn    (no ring)
MPRegen 0.18/turn    (no ring)
                     (no ring)

%: reflection
@: no status effects
A: almost no armour, amphibious, 8 rings, camouflage 1, gelatinous body 1,
(nimble swimmer 1), tentacles, cold vulnerability 1
a: Renounce Religion


You were on level 11 of the Dungeon.
You worshipped Vehumet.
Vehumet was pleased with you.
You visited 2 branches of the dungeon, and saw 12 of its levels.
You also visited: Sewer and Ice Cave.

You collected 563 gold pieces.

Inventory:

Hand Weapons
 a - a +7 scimitar
 c - a +3 flail of protection
 o - a +2 quarterstaff of chaos
Missiles
 t - a throwing net
Magical Staves
 s - a staff of conjuration (weapon)
Jewellery
 h - an amulet of reflection (around mantle)
 i - a +5 ring of evasion (on tentacle)
 l - a +6 ring of intelligence (left tentacle)
 u - a ring of resist corrosion (on tentacle)
 v - a +6 ring of dexterity (right tentacle)
Wands
 m - a wand of polymorph (12)
 y - a wand of paralysis (7)
Scrolls
 b - a scroll of fog
 d - 2 scrolls of enchant weapon
 g - 2 scrolls of immolation
 k - 4 scrolls of teleportation
 q - 2 scrolls of blinking
 w - 2 scrolls of enchant armour
 x - 2 scrolls of amnesia
 A - 3 scrolls of identify
 C - a scroll of poison
 D - a scroll of fear
Potions
 e - a potion of flight
 f - 2 potions of might
 j - a potion of haste
 n - a potion of attraction
 p - 3 potions of berserk rage
 r - a potion of resistance
 z - 2 potions of curing
 B - a potion of brilliance


   Skills:
 - Level 4.8 Fighting
 - Level 4.7 Dodging
 - Level 2.6 Stealth
 + Level 8.8 Spellcasting
 + Level 10.2 Conjurations
 + Level 9.0 Translocations
 + Level 4.1 Air Magic
 + Level 5.1 Poison Magic
 - Level 4.0 Evocations


You had 17 spell levels left.
You knew the following spells:

 Your Spells              Type           Power      Damage    Failure   Level
a - Magic Dart            Conj           100%       1d8       1%          1
b - Searing Ray           Conj           100%       2d8       1%          2
c - Iskenderun's Mystic   Conj/Tloc      82%        2d16      1%          4
d - Mephitic Cloud        Conj/Pois/Air  68%        N/A       1%          3

Your spell library contained the following spells:

 Spells                   Type           Power      Damage    Failure   Level
 Freeze                   Ice            52%        1d6       4%          1
 Dazzling Flash           Conj/Hex       100%       N/A       1%          3
 Fulminant Prism          Conj/Hex       30%        3d16      4%          4
 Call Imp                 Summ           26%        N/A       6%          2
 Inner Flame              Hex/Fire       13%        N/A       12%         3
 Ozocubu's Armour         Ice            13%        N/A       12%         3
 Metabolic Englaciation   Hex/Ice        6%         N/A       73%         5
 Yara's Violent Unravell  Hex/Tmut       6%         3d5       73%         5
 Simulacrum               Ice/Necr       6%         N/A       99%         6
 Enfeeble                 Hex            6%         N/A       100%        7


Dungeon Overview and Level Annotations

Branches:
Dungeon (11/15)            Temple (1/1) D:7            Lair (0/5) D:9
    Orc (0/2) D:11          Sewer (visited)           IceCv (visited)

Altars:
Ashenzari
Cheibriados
Dithmenos
Elyvilon
Fedhas
Gozag
Hepliaklqana
Kikubaaqudgha
Makhleb
Nemelex Xobeh
Okawaru
Qazlal
Ru
Sif Muna
Trog
Uskayaw
Vehumet
Wu Jian
Xom
Yredelemnul
Zin
The Shining One

Shops:
D:9 (*


Innate Abilities, Weirdness & Mutations

You cannot wear most types of armour.
You are amphibious.
You can wear up to eight rings at the same time.
Your skin changes colour to match your surroundings (Stealth+).
Your rubbery body absorbs attacks. (AC +1, EV +1)
((You are camouflaged when in or above water. (Stealth+)))
You have tentacles for arms and can constrict up to eight enemies at once.
You are vulnerable to cold. (rC-)


Message History

You start resting.
HP restored.
You start waiting.
Done waiting.
k - 4 scrolls of teleportation (gained 1)
You enter the shallow water.
An electric eel comes into view.
Found a scroll of enchant armour.
The electric eel moves out of view.
Okay, then.
An electric eel comes into view. 2 electric eels come into view.
The electric eel shoots out a bolt of lightning at you!
The bolt of electricity hits the electric eel.
The electric eel completely resists.
The bolt of electricity hits you! The bolt of electricity hits you.
The electric eel moves out of view.
You miss the electric eel. You grab the electric eel.
You constrict the electric eel.
The electric eel shoots out a bolt of lightning at you!
The bolt of electricity hits you!
The electric eel shoots out a bolt of lightning at you!
The bolt of electricity misses you.
The electric eel shoots out a bolt of lightning at you!
The bolt of electricity hits the electric eel.
The electric eel completely resists.
The bolt of electricity hits you! x2
Casting: Iskenderun's Mystic Blast (mildly dangerous; 1% risk of failure)
Confirm with . or Enter, or press ? or * to list all spells.
You feel a surge of power!
You erupt in a blast of force!
The mystic blast hits the electric eel!!
You kill the electric eel!
Vehumet accepts your kill.
You hear a splash.
You hear a roar!
The electric eel shoots out a bolt of lightning at you!
The bolt of electricity hits you!
* * * LOW HITPOINT WARNING * * *
The bolt of electricity hits you!
* * * LOW HITPOINT WARNING * * *
An acid dragon comes into view.
The electric eel shoots out a bolt of lightning at you!
The bolt of electricity hits you!
You die...

#.~.~..~..#
#≈≈≈≈.~.
#.........#
#≈≈≈~...
#.###.#####
##≈≈~≈~.
#..#..#
##≈##~.
##...#####
#####.
###.....#
## ###.#.#
...#.#
#####@#
#.†≈≈≈≈≈≈
#.~~≈≈≈≈≈
S.~~≈≈≈≈≈ #
≈?~≈≈≈≈≈≈ #
≈~.#≈≈≈≈≈≈
#
≈~.##≈≈≈≈#
# #≈#D#
#≈≈## ####
#...


You could see an acid dragon and an electric eel.

Vanquished Creatures
  Erica (D:8)
  A two-headed ogre (D:10)
  Urug (D:11)
  Pikel (D:8)
  A cyclops (D:11)
  A gargoyle (D:10)
  An unseen horror (D:9)
  Psyche (D:8)
  An ice devil (IceCv)
  A troll (D:10)
  3 centaur simulacra (D:11)
  A shadow (D:10)
  2 wyverns
  15 yaks
  An acid dragon (D:9)
  4 water moccasins
  Duvessa (D:7)
  A meliai simulacrum (D:11)
  5 orc warriors
  4 ice beasts
  A sky beast (D:7)
  4 black bears
  2 ogres
  A centaur (D:9)
  3 kobold brigands
  6 bullfrogs
  4 scorpions
  2 gnoll sergeants
  A cane toad simulacrum (IceCv)
  A two-headed ogre simulacrum (IceCv)
  Dowan (D:7)
  4 killer bees (D:8)
  2 electric eels (D:11)
  A howler monkey (D:10)
  10 orc priests
  Crazy Yiuf (D:3)
  3 hounds
  2 jellies
  Jessica (D:3)
  A gnoll bouda (D:5)
  4 iguanas
  A sleepcap (D:5)
  12 orc wizards
  A troll simulacrum (IceCv)
  A wolf simulacrum (IceCv)
  13 gnolls
  7 adders
  2 shadow imps (D:7)
  2 white imps
  5 ufetubi
  A worm (D:5)
  3 dart slugs
  31 orcs
  8 bats
  3 endoplasms
  4 giant cockroaches
  4 goblins
  6 hobgoblins
  7 jackals
  17 kobolds
  7 quokkas
  10 ball pythons
  2 frilled lizards
  3 rats
252 creatures vanquished.

Vanquished Creatures (collateral kills)
  A swamp dragon (D:10)
1 creature vanquished.

Vanquished Creatures (others)
  An electric eel (D:11)
  An orc wizard (D:5)
2 creatures vanquished.

Grand Total: 255 creatures vanquished

Notes
Turn   | Place    | Note
-------+----------+-------------------------------------------
     0 | D:1      | Ijustatesigmund the Octopode Conjurer began the quest for
                  | the Orb.
     0 | D:1      | Reached XP level 1. HP: 11/11 MP: 3/3
   106 | D:1      | Reached XP level 2. HP: 18/18 MP: 1/5
   316 | D:1      | Reached skill level 1 in Fighting
   632 | D:1      | Reached XP level 3. HP: 23/23 MP: 2/6
   674 | D:1      | Learned a level 2 spell: Searing Ray
  1544 | D:2      | Gained mutation: You have hidden genetic defects. [potion
                  | of mutation]
  1544 | D:2      | Gained mutation: Your body sometimes deteriorates upon
                  | taking damage. [potion of mutation]
  1544 | D:2      | Gained mutation: Your spells are a little easier to cast,
                  | but a little less powerful. [potion of mutation]
  1545 | D:2      | Lost mutation: You have hidden genetic defects. [potion of
                  | mutation]
  1545 | D:2      | Lost mutation: Your spells are a little easier to cast, but
                  | a little less powerful. [potion of mutation]
  1545 | D:2      | Lost mutation: Your body sometimes deteriorates upon taking
                  | damage. [potion of mutation]
  1545 | D:2      | Gained mutation: You are dopey. (Int -2) [potion of
                  | mutation]
  1545 | D:2      | Gained mutation: Your body sometimes deteriorates upon
                  | taking damage. [potion of mutation]
  1642 | D:2      | Found a faded altar of an unknown god.
  1849 | D:2      | Reached XP level 4. HP: 29/29 MP: 2/8
  1854 | D:2      | Learned a level 4 spell: Iskenderun's Mystic Blast
  2360 | D:3      | Lost mutation: Your body sometimes deteriorates upon taking
                  | damage. [potion of mutation]
  2360 | D:3      | Lost mutation: You are dopey. (Int -2) [potion of mutation]
  2360 | D:3      | Gained mutation: You are vulnerable to cold. (rC-) [potion
                  | of mutation]
  2417 | D:3      | Noticed Jessica
  2419 | D:3      | Killed Jessica
  2506 | D:3      | Reached XP level 5. HP: 35/35 MP: 5/9
  2556 | D:3      | Reached skill level 1 in Translocations
  3070 | D:3      | Found a runed translucent door.
  3071 | D:3      | Noticed Crazy Yiuf
  3078 | D:3      | Killed Crazy Yiuf
  3287 | D:4      | Reached skill level 5 in Conjurations
  3287 | D:4      | Reached XP level 6. HP: 25/41 MP: 0/11
  4091 | D:4      | Noticed a black bear
  4096 | D:4      | Killed a black bear
  4348 | D:4      | Found a burning altar of Makhleb.
  4364 | D:4      | Reached XP level 7. HP: 46/46 MP: 2/12
  4440 | D:4      | Found an ancient bone altar of Kikubaaqudgha.
  4924 | D:5      | Entered Level 5 of the Dungeon
  5112 | D:5      | Found a glowing drain.
  5125 | Sewer    | Entered a sewer
  6177 | D:5      | Reached skill level 6 in Conjurations
  6214 | D:5      | Reached XP level 8. HP: 54/54 MP: 8/14
  6675 | D:5      | Reached skill level 5 in Spellcasting
  7091 | D:5      | Reached skill level 1 in Evocations
  7877 | D:6      | Reached skill level 5 in Translocations
  7881 | D:6      | Reached skill level 7 in Conjurations
  8342 | D:6      | Reached XP level 9. HP: 58/58 MP: 11/17
  9267 | D:7      | Noticed Dowan
  9348 | D:7      | Noticed Duvessa
  9365 | D:7      | HP: 2/58 [Duvessa/+0 short sword (8)]
  9366 | D:7      | Killed Duvessa
 10412 | D:7      | Found a staircase to the Ecumenical Temple.
 10462 | Temple   | Entered the Ecumenical Temple
 10794 | Temple   | Became a worshipper of Vehumet
 11445 | D:7      | Killed Dowan
 11732 | D:8      | Reached skill level 8 in Conjurations
 12163 | D:8      | Noticed Psyche
 12173 | D:8      | Killed Psyche
 12174 | D:8      | Reached XP level 10. HP: 23/63 MP: 5/20
 12337 | D:8      | Noticed Pikel
 12355 | D:8      | Killed Pikel
 12806 | D:8      | Found a shimmering blue altar of Sif Muna.
 12840 | D:8      | Noticed Erica
 12852 | D:8      | Killed Erica
 14233 | D:9      | Found Omuut's Assorted Antiques.
 14262 | D:9      | Reached * piety under Vehumet
 14262 | D:9      | Offered knowledge of Foxfire by Vehumet.
 14272 | D:9      | Reached skill level 9 in Conjurations
 14482 | D:9      | Killed an unseen horror
 14518 | D:10     | Entered Level 10 of the Dungeon
 14812 | D:9      | Learned a level 3 spell: Mephitic Cloud
 14825 | D:9      | Found Murisyerph's Weapon Emporium.
 15116 | D:9      | Found a staircase to the Lair.
 15374 | D:10     | Reached skill level 1 in Poison Magic
 15386 | D:10     | Reached skill level 1 in Air Magic
 15702 | D:9      | Reached XP level 11. HP: 53/70 MP: 9/22
 16123 | D:10     | Noticed a boulder beetle
 16124 | D:10     | a boulder beetle changed into a swamp dragon
 16124 | D:10     | Noticed a swamp dragon
 16782 | D:10     | Killed a swamp dragon
 17529 | D:10     | Noticed a two-headed ogre
 17739 | D:10     | Killed a two-headed ogre
 18079 | D:11     | Found a staircase to the Orcish Mines.
 18098 | D:11     | Reached ** piety under Vehumet
 18098 | D:11     | Offered knowledge of Freeze by Vehumet.
 18104 | D:11     | Reached skill level 10 in Conjurations
 18525 | D:11     | Found a frozen archway.
 18525 | D:11     | Noticed Urug
 18545 | D:11     | Killed Urug
 18548 | IceCv    | Entered an ice cave
 19014 | D:11     | Noticed a cyclops
 19024 | D:11     | Killed a cyclops
 19025 | D:11     | Reached skill level 5 in Poison Magic
 19222 | D:11     | Killed from afar by an electric eel

Illustrated notes

Levels and vault maps discovered:
D:1:      dpeg_arrival_rooms_with_view, layout_basic, serial_rivers,
          chequers_serial_rivers_micro_b, chequers_serial_rivers_small_3,
          chequers_serial_rivers_micro_b, chequers_serial_rivers_marsh,
          chequers_serial_rivers_marsh, chequers_serial_rivers_small_3,
          chequers_decorated_corner
D:2:      layout_basic, shapermc_ecumenical_altar_flowoftime
D:3:      layout_loops_ring, saegor_snake_ambush, uniq_jessica,
          uniq_crazy_yiuf_cottage
D:4:      minmay_angry_zag, layout_layer_cave,
          mainiacjoe_overflow_large_starburst
D:5:      layout_basic, portal_sewer_entry_d
D:6:      layout_basic, serial_curves, eino_curves_02, eino_curves_02,
          eino_curves_02, eino_curves_04
D:7:      layout_gridville, minmay_temple_entry_ruins, uniq_duvessa
D:8:      layout_basic, mainiacjoe_overflow_concentric_impassable, uniq_psyche,
          uniq_pikel, uniq_erica
D:9:      layout_basic, grunt_lair_entry_orc_guard_hut, serial_shops, shop, shop
D:10:     layout_basic, nzn_sisyphean_effort
D:11:     layout_basic, orc_0_dummy, serial_ice, serial_ice_j, serial_ice_e,
          serial_ice_f, serial_ice_g, portal_ice_cave_entry_pillars_1,
          uniq_sonja, uniq_urug
Temple:   compressed_dpeg_triangle_lava_temple

Skill      XL: |  1  2  3  4  5  6  7  8  9 10 11 |
---------------+----------------------------------+-----
Fighting       | 1 2 3 4 |  4.8
Spellcasting   | 3 4 5 6 7 8 |  8.8
Translocations | 1 2 3 5 6 8 9 |  9.0
Conjurations   | 5 6 7 8 9 10 | 10.2
Evocations     | 2 4 |  4.0
Dodging        | 3 4 |  4.7
Poison Magic   | 1 5 |  5.1
Air Magic      | 1 4 |  4.1
Stealth        | |  2.6

Action                     |  1- 3 |  4- 6 |  7- 9 | 10-12 || total
---------------------------+-------+-------+-------+-------++-------
  Melee: Short sword       |    38 |       |       |       ||    38
         Constrict         |     8 |     4 |     7 |     4 ||    23
         Punch             |     1 |       |       |     1 ||     2
         Tentacles         |     9 |     4 |     8 |     4 ||    25
         Flail             |       |     7 |    14 |       ||    21
         Staff             |       |       |    11 |    28 ||    39
   Cast: Magic Dart        |    72 |    78 |   135 |    98 ||   383
         Searing Ray       |       |     5 |    42 |    35 ||    82
         Iskenderun's Myst |       |       |     8 |    58 ||    66
         Mephitic Cloud    |       |       |       |    11 ||    11
  Evoke: Wand              |       |       |     5 |     8 ||    13
    Use: Potion            |     2 |     1 |     8 |     6 ||    17
         Scroll            |     2 |     3 |    15 |     4 ||    24
   Stab: Sleeping          |       |     2 |       |       ||     2
         Paralysed         |       |       |       |     4 ||     4
 Armour: Skin              |     1 |     2 |     7 |     3 ||    13
  Dodge: Dodged            |     8 |    14 |    63 |    82 ||   167
  Block: Other             |       |     7 |    24 |    22 ||    53
         Reflection        |       |       |       |     2 ||     2
